AoeStats
← El Cardo

Arabia

506421091Analyzed
2v2 RM · 19d ago on Sep 13, 2026· 36m 40s· 4 players
Game mode
Random Map
Map size
Medium (4 player)
Population
200
Speed
Normal
Resources
Standard
Victory
Conquest
Starting age
Dark Age
Ending age
Imperial Age
RankedLock teamsTeams togetherTeam positionsShared explorationLock speedFull tech treeHidden civsTurbo modeCheats
Victory
Defeat
🇺🇸 Khmer · United States
1081
+14
🇺🇸 Ethiopians · United States
1067
+15
🇦🇷 Hindustanis · Argentina
1042
-15
🇦🇷 Burgundians · Argentina
1037
-14
El Cardo
7:01 Loom
9:08 Feudal Age
10:06 Double-Bit Axe
10:03 Horse Collar
20:00 Castle Age
18:17 Gold Mining
19:34 Scale Barding Armor
21:06 Wheelbarrow
21:05 Chain Barding Armor
20:56 Forging
21:42 Bloodlines
21:42 Town Watch
21:59 Husbandry
22:50 Bow Saw
24:21 Stone Mining
32:33 Heavy Plow
33:22 Scale Mail Armor
emidz
3:46 Loom
5:06 Loom
9:48 Feudal Age
11:39 Wheelbarrow
11:31 Double-Bit Axe
22:57 Scale Barding Armor
23:57 Forging
24:20 Town Watch
24:29 Fletching
34:04 Bow Saw
bhausaheb
7:04 Loom
9:45 Feudal Age
10:34 Double-Bit Axe
10:32 Horse Collar
21:38 Castle Age
21:10 Bloodlines
21:17 Gold Mining
22:27 Wheelbarrow
21:42 Town Watch
22:29 Husbandry
23:06 Bow Saw
23:50 Scale Barding Armor
24:24 Forging
27:43 Chain Barding Armor
33:17 Hand Cart
37:41 Iron Casting
sagvaidya
6:58 Loom
10:01 Feudal Age
10:42 Double-Bit Axe
15:49 Fletching
21:00 Castle Age
20:36 Padded Archer Armor
21:10 Crossbowman
22:01 Bow Saw
21:48 Bodkin Arrow
23:14 Wheelbarrow
24:57 Leather Archer Armor
25:19 Wheelbarrow
26:07 Forging
26:13 Town Watch
26:33 Gold Mining
26:27 Horse Collar
32:13 Squires
32:15 Scale Mail Armor
Connection lost

Rejoining the realm…

Still unreachable

The connection could not be restored.

Session expired

The server has moved on; the page needs a fresh start.